 Dungeon Crawl Stone Soup version 0.30.1-11-g7821555f0a (webtiles) character file.

Game seed: 6891523733251818095

1032 Okkudo the Carver (level 8, -1/66 HPs)
             Began as a Hill Orc Monk on Dec 9, 2023.
             Was a Believer of Beogh.
             Slain by a hornet (6 damage)
             ... on level 6 of the Dungeon.
             The game lasted 00:12:17 (3904 turns).

Okkudo the Carver (Hill Orc Monk)                   Turns: 3904, Time: 00:12:18

Health: -1/66      AC: 10    Str: 16    XL:     8   Next: 23%
Magic:  8/8        EV:  7    Int: 10    God:    Beogh [**....]
Gold:   234        SH:  5    Dex: 13    Spells: 7/7 levels left

rFire   . . .        r - +7 Throatcutter {drain, coup de grace}
rCold   . . .        d - orb {light}
rNeg    . . .        f - +0 chain mail
rPois   .            (no helmet)
rElec   .            j - +0 cloak
rCorr   .            g - +0 pair of gloves
SInv    .            (no boots)
Will    .....        u - amulet of reflection Stlth
                     (no ring)
HPRegen 0.31/turn    (no ring)
MPRegen 0.11/turn

%: reflection
@: lethally poisoned (-1 -> -4), about to teleport, slowed, glowing, very slow
A: no striking features
a: Renounce Religion, Smiting


You were on level 6 of the Dungeon.
You worshipped Beogh.
Beogh was pleased with you.
You visited 1 branch of the dungeon, and saw 6 of its levels.

You collected 234 gold pieces.

Inventory:

Hand Weapons
 i - a +0 war axe
 r - the +7 Throatcutter (weapon) {drain, coup de grace}
   (You took it off an orc on level 3 of the Dungeon)
Missiles
 q - 3 javelins (quivered)
Armour
 d - an orb of light (worn)
 f - a +0 chain mail (worn)
 g - a +0 pair of gloves (worn)
 j - a +0 cloak (worn)
Jewellery
 u - an amulet of reflection (around neck)
Scrolls
 a - 2 scrolls of teleportation
 b - a scroll of enchant armour {unknown}
 e - 2 scrolls of amnesia {unknown}
 h - 4 scrolls of identify {unknown}
 l - 2 scrolls of magic mapping {unknown}
 n - a scroll of acquirement {unknown}
 o - 2 scrolls of noise {unknown}
Potions
 c - a potion of ambrosia
 k - 2 potions of brilliance {unknown}
 m - 4 potions of curing {unknown}
 p - a potion of degeneration {unknown}
 s - a potion of berserk rage {unknown}
 t - a potion of mutation {unknown}
 v - a potion of heal wounds {unknown}


   Skills:
 - Level 3.7 Fighting
 * Level 8.3 Long Blades
 - Level 8.0 Axes
 - Level 2.4 Dodging


You had 7 spell levels left.
You didn't know any spells.
Your spell library contained the following spells:

 Spells                   Type           Power      Damage    Failure   Level
 Cigotuvi's Dreadful Rot  Necr/Pois/Air  0%         N/A       100%        2
 Summon Guardian Golem    Hex/Summ       0%         N/A       100%        3
 Dispel Undead            Necr           0%         3d6       100%        4
 Death Channel            Necr           0%         N/A       100%        6
 Orb of Destruction       Conj           0%         9d5       100%        7
 Spellforged Servitor     Conj/Summ      0%         N/A       100%        7


Dungeon Overview and Level Annotations

Branches:
Dungeon (6/15)
 Temple: D:4-7

Altars:
Gozag
Makhleb
Qazlal
Zin
The Shining One


Message History

You hit the hornet.
The hornet is moderately wounded.
The hornet stings you!
You feel as though you will be slow longer.
The hornet stings you.
You are poisoned.
You feel as though you will be slow longer.
You closely miss the hornet.
The hornet is moderately wounded.
You feel very sick. The hornet stings you.
You feel as though you will be slow longer.
The hornet stings you!
You feel as though you will be slow longer.
A kobold comes into view. It is wielding a +0 club.
The kobold shouts!
You slash the hornet!
The hornet is heavily wounded.
You feel very sick. The hornet barely misses you. The hornet stings you!
* * * LOW HITPOINT WARNING * * *
You feel as though you will be slow longer.
You block the orc's attack.
A kobold brigand comes into view.
It is wielding a +0 dagger and quivering curare-tipped darts.
The hornet stings you but does no damage.
As you read the scroll labelled WALEER GOXEI, it crumbles to dust.
You feel strangely unstable.
It was a scroll of teleportation.
You feel sick.
The kobold brigand shouts!
You hear a shout!
The orc hits you but does no damage.
The orc wizard hits you but does no damage.
The hornet closely misses you.
A phantom comes into view.
The orc hits you with a +3 hand axe.
* * * LOW HITPOINT WARNING * * *
The orc wizard hits you but does no damage.
A kobold comes into view. It is wielding a +0 short sword.
The kobold closely misses you. The hornet closely misses you.
The kobold attacks as you move away! The kobold hits you but does no damage.
You feel sick. The hornet stings you.
You die... .... ..K ##. # ..#. .KW

...## ... .K.. ......
..###............... #
#...#... .......... ...
#..K.. ...# #....
.....#..K# ##..# #....
......oyo## ##...# ##....
.....###@.###....###.....
### ###)........###....
#..................
#....#..#.<..........
#....#####.......####.
......## #.........#.#.
#.#..# #.........#... #
#.# ##............ ##
#.....##...##


You could see a hornet, an orc wizard, an orc and 2 kobolds.

Vanquished Creatures
  Edmund (D:5)
  A black bear (D:5)
  2 phantoms (D:5)
  3 scorpions
  A jelly (D:6)
  An orc priest (D:6)
  2 hounds
  4 iguanas (D:6)
  A sleepcap (D:6)
  4 orc wizards
  A gnoll (D:1)
  5 adders
  A white imp (D:6)
  An ufetubus (D:4)
  2 dart slugs
  9 orcs
  5 ball pythons
  8 bats
  7 endoplasms
  2 giant cockroaches
  7 goblins
  6 hobgoblins
  4 jackals (D:1)
  5 quokkas
  4 kobolds
  4 rats
91 creatures vanquished.

Notes
Turn   | Place    | Note
-------+----------+-------------------------------------------
     0 | D:1      | Okkudo the Hill Orc Monk began the quest for the Orb.
     0 | D:1      | Reached XP level 1. HP: 19/19 MP: 1/1
   144 | D:1      | Reached XP level 2. HP: 26/26 MP: 2/2
   194 | D:1      | Reached skill level 5 in Axes
   315 | D:1      | Reached XP level 3. HP: 20/31 MP: 3/3
  1008 | D:2      | Found a faded altar of an unknown god.
  1032 | D:2      | Reached XP level 4. HP: 39/39 MP: 4/4
  1464 | D:2      | Reached XP level 5. HP: 42/45 MP: 5/5
  1561 | D:3      | Found a glowing golden altar of the Shining One.
  1563 | D:3      | Found a glowing silver altar of Zin.
  1567 | D:3      | Found a stormy altar of Qazlal.
  2296 | D:4      | Became a worshipper of Beogh the Brigand
  2296 | D:4      | Reached * piety under Beogh
  2296 | D:4      | Reached ** piety under Beogh
  2646 | D:4      | Reached XP level 6. HP: 51/52 MP: 6/6
  2650 | D:4      | Found an opulent altar of Gozag.
  2650 | D:4      | Found a burning altar of Makhleb.
  2851 | D:5      | Entered Level 5 of the Dungeon
  2851 | D:5      | Noticed Edmund
  2861 | D:5      | Killed Edmund
  3181 | D:5      | Noticed a black bear
  3187 | D:5      | Killed a black bear
  3188 | D:5      | Reached skill level 5 in Long Blades
  3188 | D:5      | Reached XP level 7. HP: 56/58 MP: 7/7
  3720 | D:6      | Reached XP level 8. HP: 66/66 MP: 8/8
  3896 | D:6      | Noticed a hornet
  3904 | D:6      | Slain by a hornet

Illustrated notes

Levels and vault maps discovered:
D:1:      minmay_arrival_radiant_lines, layout_loops_corners
D:2:      layout_loops_cross, shapermc_ecumenical_altar_venn
D:3:      layout_basic, grunt_temple_overflow_open, dk_noncrumbling_2
D:4:      layout_rooms, gammafunk_temple_overflow_statue, roderic_lattice_a,
          supply_closet_lemuel, eino_small_chamber_without_monster
D:5:      layout_basic, minmay_statues_item, grunt_decor_mini_mirrors,
          uniq_edmund
D:6:      layout_cave_pools, mainiacjoe_overflow_small_starburst,
          minmay_temple_entry_stoned_glass, minmay_misc_feat_tower,
          minmay_manual_macuahuitl

Skill      XL: |  1  2  3  4  5  6  7  8 |
---------------+-------------------------+-----
Axes           | 5 6 7 8 |  8.0
Long Blades    | 2 5 7 8 |  8.3
Fighting       | |  3.7
Dodging        | |  2.4

Action                     |  1- 3 |  4- 6 |  7- 9 || total
---------------------------+-------+-------+-------++-------
  Melee: Hand axe          |    90 |    13 |       ||   103
         War axe           |       |    53 |       ||    53
         Long sword        |       |    33 |    40 ||    73
 Invoke: Convert to Beogh  |       |     1 |       ||     1
    Use: Scroll            |       |       |     1 ||     1
 Armour: Chain mail        |    48 |    73 |    26 ||   147
  Dodge: Dodged            |    51 |    37 |    13 ||   101
  Block: Orb               |       |       |     6 ||     6
         Reflection        |       |       |     1 ||     1
